 Dungeon Crawl Stone Soup version 0.32-a0-39-g5c88369fb2 (webtiles) character file.

Game seed: 7364886290098273729

914 IFactor the Ruffian (level 7, -1/102 HPs)
             Began as a Troll Berserker on Feb 2, 2024.
             Was a Priest of Trog.
             Slain by a water moccasin (8 damage)
             ... on level 6 of the Dungeon.
             The game lasted 00:08:19 (3122 turns).

IFactor the Ruffian (Troll Berserker)               Turns: 3122, Time: 00:08:20

Health: -1/102     AC:  4    Str: 26    XL:     7   Next: 82%
Magic:  6/6        EV: 10    Int:  5    God:    Trog [***...]
Gold:   267        SH:  0    Dex:  9    Spells: 6/6 levels left

rFire   . .          .
                       - Unarmed
rCold   . . .        (no shield)
rNeg    + . .        a - +0 animal skin
rPois   .            (helmet restricted)
rElec   .            (no cloak)
rCorr   .            (gloves unavailable)
SInv    .            (boots unavailable)
Will    ++...        (no amulet) Stlth
                     r - ring of positive energy
HPRegen 2.17/turn    (no ring)
MPRegen 0.10/turn

%: no passive effects
@: berserking (expiring), strong-willed, regenerating, very quick
A: large, unfitting armour, claws 3, regeneration 1, shaggy fur 1, tough skin 1
a: Renounce Religion, Berserk, Trog's Hand


You were on level 6 of the Dungeon.
You worshipped Trog.
Trog was most pleased with you.
You visited 1 branch of the dungeon, and saw 6 of its levels.

You collected 267 gold pieces.

Inventory:

Hand Weapons
 m - a +1 dagger of protection
Missiles
 h - a throwing net
Armour
 a - a +0 animal skin (worn)
Jewellery
 r - a ring of positive energy (left claw)
Wands
 n - a wand of mindburst (18) (quivered)
Scrolls
 c - 2 scrolls of revelation {unknown}
 d - a scroll of silence {unknown}
 e - a scroll of enchant weapon {unknown}
 f - a scroll of amnesia {unknown}
 g - 3 scrolls of enchant armour {unknown}
 j - 5 scrolls of identify {unknown}
 k - 4 scrolls of teleportation {unknown}
 l - 2 scrolls of blinking {unknown}
 o - a scroll of vulnerability {unknown}
 p - a scroll of poison {unknown}
 t - a scroll of fear {unknown}
Potions
 b - a potion of attraction {unknown}
 i - a potion of enlightenment {unknown}
 q - a potion of heal wounds {unknown}
 s - a potion of curing {unknown}


   Skills:
 * Level 3.7 Fighting
 * Level 4.2 Dodging
 + Level 0.6 Stealth
 * Level 7.5 Unarmed Combat


You had 6 spell levels left.
You didn't know any spells.
Your spell library was empty.

Dungeon Overview and Level Annotations

Branches:
Dungeon (6/15)             Temple (0/1) D:4

Altars:
Kikubaaqudgha
Qazlal
Ru
Sif Muna
Vehumet
Yredelemnul

Shops:
D:1 !   D:2 :   D:3 (


Innate Abilities, Weirdness & Mutations

You are too large for most types of armour.
You have claws for hands.
Your natural rate of healing is unusually fast.
You are covered in fur. (AC +1)
You have tough skin. (AC +1)


Message History

The arrow hits you! The steam dragon closely misses you.
The steam dragon claws you.
You mangle the steam dragon!!
You kill the steam dragon!
Trog accepts your kill.
The centaur shoots an arrow.
The arrow barely misses you.
You closely miss the adder.
The centaur shoots an arrow.
The arrow closely misses you.
You barely miss the water moccasin. You claw the water moccasin!
The water moccasin is moderately wounded.
The centaur shoots an arrow.
The arrow closely misses you.
Unknown command.
You miss the water moccasin.
The water moccasin is moderately wounded.
The water moccasin bites you.
The centaur shoots an arrow.
The arrow hits you!
* * * LOW HITPOINT WARNING * * *
You barely miss the water moccasin.
The water moccasin is moderately wounded.
The water moccasin bites you.
* * * LOW HITPOINT WARNING * * *
The centaur shoots an arrow.
The arrow hits you.
* * * LOW HITPOINT WARNING * * *
You claw the water moccasin!
The water moccasin is severely wounded.
A centaur comes into view.
A bombardier beetle comes into view.
The water moccasin bites you.
* * * LOW HITPOINT WARNING * * *
The centaur shoots an arrow.
The arrow hits you!
* * * LOW HITPOINT WARNING * * *
You barely miss the water moccasin.
The water moccasin is severely wounded.
Unknown command.
Unknown command.
Unknown command.
You miss the water moccasin.
The water moccasin is severely wounded.
The centaur shoots an arrow.
The arrow completely misses you. The water moccasin bites you!
You die...

### #.. #####.c
#..... #)#..
#...# #..@#
#..#ShoB.#
#..##hg....
#..# Y.....
#..## ...##
###...###..#
#...#..###$#
#.####..##.##..
#.# #.... #..


You could see a water moccasin, a black bear, an ice beast, a centaur, a gnoll
bouda, a bombardier beetle, a hound and an orc wizard.

Vanquished Creatures
  A steam dragon (D:6)
  An ice beast (D:5)
  An ogre (D:3)
  A phantom (D:4)
  2 scorpions (D:5)
  A bombardier beetle (D:5)
  3 orc priests
  4 iguanas
  6 adders
  3 gnolls (D:2)
  A shadow imp (D:5)
  A white imp (D:5)
  A dart slug (D:2)
  A ribbon worm (D:2)
  17 orcs
  5 endoplasms
  4 giant cockroaches
  13 goblins
  5 hobgoblins
  3 jackals (D:3)
  4 quokkas
  4 ball pythons
  6 bats
  A frilled lizard (D:1)
  8 kobolds
  6 rats
103 creatures vanquished.

Notes
Turn   | Place    | Note
-------+----------+-------------------------------------------
     0 | D:1      | IFactor the Troll Berserker began the quest for the Orb.
     0 | D:1      | Reached XP level 1. HP: 22/22 MP: 0/0
    34 | D:1      | Found Umufyon's Distillery.
   209 | D:1      | Reached XP level 2. HP: 29/29 MP: 1/1
   841 | D:2      | Reached XP level 3. HP: 29/36 MP: 2/2
   896 | D:2      | Reached ** piety under Trog
   905 | D:2      | Found Noumm's Book Shop.
   914 | D:2      | Reached skill level 4 in Unarmed Combat
   916 | D:2      | Reached XP level 4. HP: 30/44 MP: 3/3
  1110 | D:2      | Found a shimmering blue altar of Sif Muna.
  1218 | D:3      | Found Ruavyzas's Antique Weapon Shop.
  1316 | D:3      | Found a sacrificial altar of Ru.
  1317 | D:3      | Found a basalt altar of Yredelemnul.
  1478 | D:3      | Reached XP level 5. HP: 53/53 MP: 4/4
  1620 | D:3      | Noticed an ogre
  1624 | D:3      | Killed an ogre
  1625 | D:3      | Reached skill level 5 in Unarmed Combat
  1709 | D:3      | Found a faded altar of an unknown god.
  1789 | D:3      | Found a radiant altar of Vehumet.
  1937 | D:4      | Found a stormy altar of Qazlal.
  1942 | D:4      | Noticed a phantom
  1948 | D:4      | Reached XP level 6. HP: 61/61 MP: 5/5
  2034 | D:4      | Reached skill level 6 in Unarmed Combat
  2370 | D:4      | Found a staircase to the Ecumenical Temple.
  2630 | D:5      | Entered Level 5 of the Dungeon
  2724 | D:4      | Reached *** piety under Trog
  2747 | D:5      | Reached XP level 7. HP: 67/67 MP: 6/6
  2875 | D:5      | Reached skill level 7 in Unarmed Combat
  3109 | D:6      | Found an ancient bone altar of Kikubaaqudgha.
  3109 | D:6      | Noticed a steam dragon
  3114 | D:6      | Killed a steam dragon
  3120 | D:6      | HP: 4/102 [centaur/arrow (15)]
  3122 | D:6      | Slain by a water moccasin

Illustrated notes

Levels and vault maps discovered:
D:1:      ebering_hopf_link, layout_basic, serial_shops,
          nicolae_shop_tiny_real_fake_doors, minmay_misc_feat_rows,
          skrybe_limestone_x, nrook_mini_backslash
D:2:      layout_rooms, serial_shops, shop, basic_altar
D:3:      layout_basic, general_overflow_altar,
          gammafunk_temple_overflow_statue, serial_shops, shop,
          dilly_ecumenical_altar_fadedgnrine, minivault_26
D:4:      layout_loops_ring, mainiacjoe_overflow_chevrons,
          minmay_temple_entry_hall
D:5:      layout_cave_pools
D:6:      layout_loops_ring, gammafunk_ghost_smash, minmay_ruined_shrine,
          uniq_edmund, uniq_maggie

Skill      XL: |  1  2  3  4  5  6  7 |
---------------+----------------------+-----
Dodging        | 3 4 |  4.2
Unarmed Combat | 4 5 6 7 |  7.5
Fighting       | 3 |  3.7
Stealth        | |  0.6

Action                     |  1- 3 |  4- 6 |  7- 9 || total
---------------------------+-------+-------+-------++-------
  Melee: Unarmed           |    80 |   139 |    36 ||   255
         Punch             |       |     3 |       ||     3
 Invoke: Berserk           |     1 |     4 |     1 ||     6
         Trog's Hand       |       |     2 |     1 ||     3
   Stab: Sleeping          |       |     1 |       ||     1
 Armour: Animal skin       |    54 |    91 |    25 ||   170
  Dodge: Dodged            |    29 |    62 |    17 ||   108

Table legend: (Time is in decaauts)
 A = Elapsed time spent in this place.
 B = Non-inter-level travel time spent in this place.
 C = Inter-level travel time spent in this place.
 D = Time resting spent in this place.
 E = Time spent auto-exploring this place.
 F = Levels seen in this place.
 G = Mean time per level.
                   A        B        C        D        E       F      G
               +--------+--------+--------+--------+--------+-----+--------+
         Total |   3137 |   2984 |    153 |     70 |   2330 |   6 |  522.8 |
       Dungeon |   3137 |   2984 |    153 |     70 |   2330 |   6 |  522.8 |
               +--------+--------+--------+--------+--------+-----+--------+

Top non-repeatable levels by time:
     D:1: 806 daAuts
     D:3: 739 daAuts
     D:4: 735 daAuts
     D:5: 426 daAuts
     D:2: 391 daAuts
     D:6: 37 daAuts
